 Dungeon Crawl Stone Soup version 0.18-a0-33-g9e10395 (webtiles) character file.

107 blackbenes the Sneak (level 4, -1/33 HPs)
             Began as a Vampire Assassin on Nov 5, 2015.
             Slain by a rat (2 damage)
             ... on level 3 of the Dungeon.
             The game lasted 00:15:18 (2853 turns).

blackbenes the Sneak (Vampire Assassin)             Turns: 2853, Time: 00:15:18

Health: -1/33      AC:  4    Str:  8 (10) XL:     4   Next: 57%
Magic:  4/4        EV: 13    Int: 15      God:
Gold:   126        SH:  0    Dex: 16      Spells: 0 memorised, 3 levels left

rFire  . . .     SeeInvis +     a - +2 dagger
rCold  . . .     Clarity  .     c - +0 robe
rNeg   + . .     SustAt   .     (no shield)
rPois  .         Gourm    .     (no helmet)
rElec  .         Spirit   .     d - +0 cloak
rCorr  .         Warding  .     (no gloves)
rMut   .         Stasis   .     n - +0 pair of boots
MR     .....                    (no amulet)
Stlth  ++++......               (no ring)
                                (no ring)

@: not resistant to hostile enchantments, stealthy
A: fangs 3, see invisible, clever 1, unbreathing
a: Bat Form


You were on level 3 of the Dungeon.
You were not thirsty.

You visited 1 branch of the dungeon, and saw 3 of its levels.

You collected 126 gold pieces.

Inventory:

Hand Weapons
 a - a +2 dagger (weapon)
 b - a +0 blowgun
Missiles
 e - 25 poisoned needles
 f - 2 curare-tipped needles
 l - 12 bolts
 o - 17 arrows of frost
Armour
 c - a +0 robe (worn)
 d - a +0 cloak (worn)
 j - a cursed +0 shield
 n - a +0 pair of boots (worn)
Magical Staves
 u - a cursed staff of summoning {unknown}
Jewellery
 v - an uncursed ring of protection from magic {unknown}
Wands
 p - a wand of slowing (15)
Scrolls
 s - a scroll of identify {unknown}
 t - a scroll of amnesia
Potions
 g - 14 potions of blood
 m - a potion of flight {unknown}
 q - a potion of agility {unknown}


   Skills:
 + Level 2.1 Fighting
 + Level 2.6 Short Blades
 + Level 1.7 Throwing
 + Level 3.0 Dodging
 + Level 7.3 Stealth


You had 3 spell levels left.
You didn't know any spells.

Dungeon Overview and Level Annotations

Branches:
Dungeon (3/15)

Altars:
Cheibriados
Ru


Innate Abilities, Weirdness & Mutations

You have razor-sharp teeth.
You have supernaturally acute eyesight.
You can survive without breathing.
Your mind is acute. (Int +2)


Message History

The orc hits you but does no damage. The rat bites you but does no damage.
You barely miss the orc.
The orc is almost dead.
The orc hits you with a mace of protection.
The rat closely misses you.
You closely miss the orc. You bite the orc.
The orc is almost dead.
The rat bites you but does no damage.
The orc hits you with a mace of protection!
* * * LOW HITPOINT WARNING * * *
Read which item? (? for menu, Esc to quit)
Okay, then.
Drink which item? (? for menu, Esc to quit)
It was a potion of beneficial mutation.
You feel clever.
You feel fantastic! The rat bites you but does no damage.
You closely miss the orc.
The orc is almost dead.
The orc barely misses you. The rat bites you.
You die...

##o...$###....#######.#
.)..s.........$.......
###......##..........#
......[...#.....[.....+
..........#...........#
(.....................#
.s......###s.........#
.........<##or........#####
....#.....##@.............#
....#......#..............###
<..........'.................
....#...)..#####..........###
############ #######)...#
#....# #....# #....# .....#


You could see an orc, a giant cockroach and a rat.

Vanquished Creatures
  A gnoll (D:2)
  4 adders
  2 worms (D:2)
  3 giant geckos
  2 orcs (D:2)
  3 giant cockroaches
  4 hobgoblins
  4 jackals (D:2)
  A quokka (D:2)
  4 bats
  3 giant newts (D:2)
  9 goblins
  6 kobolds
  8 rats
54 creatures vanquished.

Notes
Turn   | Place    | Note
--------------------------------------------------------------
     0 | D:1      | blackbenes the Vampire Assassin began the quest for the Orb.
     0 | D:1      | Reached XP level 1. HP: 16/16 MP: 1/1
   108 | D:1      | Reached skill level 6 in Stealth
   254 | D:1      | Reached XP level 2. HP: 13/22 MP: 2/2
   894 | D:2      | Found a sacrificial altar of Ru.
   956 | D:2      | Reached XP level 3. HP: 20/27 MP: 3/3
  1584 | D:2      | Found a snail-covered altar of Cheibriados.
  1606 | D:2      | Reached skill level 7 in Stealth
  2007 | D:2      | Reached XP level 4. HP: 33/33 MP: 4/4
  2851 | D:3      | HP: 1/33 [orc/mace of protection (9)]
  2852 | D:3      | Gained mutation: Your mind is acute. (Int +2) [potion of beneficial mutation]
  2853 | D:3      | Slain by a rat

Vault maps used:
D:1:      roderic_crop_circles_arrival_small
D:2:      nicolae_ru_awakened_eye, cheibriados_altar_wand_db, first_bread
D:3:      old_standard_altar, lemuel_doored_altar, uniq_robin

Action                   |  1- 3 |  4- 6 || total
-------------------------+-------+-------++-------
Melee: Dagger            |   153 |    63 ||   216
  Use: Scroll            |     2 |       ||     2
       Potion            |     3 |     6 ||     9
 Stab: Sleeping          |     4 |     4 ||     8
